cohdb
Replays
Latest Replays
All Replays
Popular Replays
Top Player Replays
Match Explorer
How It Works
Community
CoH3 Stats
Reddit
Sign in to upload your games and track your stats! →
Sign in with Steam
Match 39115464
Unlisted
Match 39115464
Overview
Messages
Build Orders
End
Panzergrenadier Squad
Selects Armored Support Battlegroup
250 Light Carrier
Construct Light Support Kompanie
Assault Grenadier Squad
Panzergrenadier Squad
Fire Support Elements
Panzerjäger Mechanized Group
Selects Veteran Gunners
Flakvierling Half-track
Veteran Squad Leaders
Selects Flammpanzer III Medium Tank
Flammpanzer III Medium Tank
Pak 38 Anti-tank Gun Team
Flammpanzer III Medium Tank
Assault Mechanized Group
Selects Command Panzer IV F Medium Tank
Command Panzer IV F Medium Tank
Flammpanzer III Medium Tank
le.IG 18 Mechanized Group
Selects Salvage Kits
Selects Panzer Storm
Panzer Storm
Selects Stuka Dive Bomb
Wolfens
twrealize
springfield
CptLink( jimmy)
DD響
Adeptus Mechanicus
0
0
Comments
sign in to comment!
No comments posted yet!